 Dungeon Crawl Stone Soup version 0.29.1-2-gbd0b4ee654 (webtiles) character file.

Game seed: 8063778026158371815

12500 hawla the Gelid (level 12, -4/88 HPs)
             Began as a Meteoran Ice Elementalist on Oct 28, 2022.
             Shot with an arrow by a centaur warrior (16 damage)
             ... on level 13 of the Dungeon.
             The game lasted 00:38:18 (6439 turns).

hawla the Gelid (Meteoran Ice Elementalist)         Turns: 6439, Time: 00:38:18

Health: -4/88      AC:  5    Str:  4    XL:     12   Next: 50%
Magic:  25/26      EV: 14    Int: 24    God:
Gold:   1300       SH:  0    Dex: 17    Spells: 10/29 levels left

rFire   + + .      SeeInvis .   g - +6 dagger of Recsi {venom, rF++ rC+ Str-5 Int+3}
rCold   + + .      Faith    .   (no shield)
rNeg    . . .      Spirit   .   a - +0 robe
rPois   .          Reflect  .   r - +2 helmet
rElec   .          Harm     .   (no cloak)
rCorr   .          Rampage  .   (no gloves)
Will    +....                   (no boots)
Stlth   +.........              y - amulet of magic regeneration
HPRegen 0.24/turn               (no ring)
MPRegen 0.60/turn               (no ring)

@: glowing
A: sense surroundings 2, otherworldly, glowing, explore regen, cold resistance 1
a: no special abilities


You were on level 13 of the Dungeon.
You visited 2 branches of the dungeon, and saw 12 of its levels.
You also visited: Ossuary.

You collected 1300 gold pieces.

Inventory:

Hand Weapons
 g - the +6 dagger of Recsi (weapon) {venom, rF++ rC+ Str-5 Int+3}
   (You found it on level 2 of the Dungeon)

   It poisons the flesh of those it strikes.
   Str:       It affects your strength (-5).
   Int:       It affects your intelligence (+3).
   rF:        It greatly protects you from fire.
   rC:        It protects you from cold.
Armour
 a - a +0 robe (worn)
 l - a +0 helmet
 r - a +2 helmet (worn)
Jewellery
 f - a +4 ring of evasion
 i - a ring of willpower
 m - a ring of ice
 y - an amulet of magic regeneration (around neck)
Wands
 e - a wand of quicksilver (4)
 A - a wand of paralysis (7) (quivered)
 B - a wand of roots (8)
Scrolls
 d - 3 scrolls of teleportation
 h - 4 scrolls of fog
 j - 2 scrolls of magic mapping
 o - a scroll of amnesia
 p - a scroll of silence
 q - a scroll of enchant armour {unknown}
 t - a scroll of enchant weapon
Potions
 b - 3 potions of curing
 c - a potion of flight
 n - a potion of lignification
 s - 5 potions of might
 u - a potion of brilliance
 w - a potion of berserk rage
 z - 2 potions of haste


   Skills:
 + Level 2.6 Fighting
 + Level 3.1 Short Blades
 + Level 5.1 Dodging
 - Level 1.4 Stealth
 + Level 9.2 Spellcasting
 + Level 4.4 Conjurations
 + Level 16.8 Ice Magic
 + Level 5.3 Air Magic


You had 10 spell levels left.
You knew the following spells:

 Your Spells              Type           Power      Damage    Failure   Level
a - Freeze                Ice            100%       1d11      0%          1
b - Frozen Ramparts       Ice            100%       1d16      1%          3
c - Hailstorm             Conj/Ice       58%        3d13      1%          4
d - Airstrike             Air            18%        2d(3-19)  6%          4
e - Ozocubu's Refrigerat  Ice            37%        4d15      4%          7

Your spell library contained the following spells:

 Spells                   Type           Power      Damage    Failure   Level
 Shock                    Conj/Air       100%       1d9       1%          1
 Ozocubu's Armour         Ice            75%        N/A       1%          3
 Swiftness                Air            36%        N/A       1%          3
 Apportation              Tloc           22%        N/A       6%          1
 Alistair's Intoxication  Tmut/Pois      7%         N/A       85%         5


Dungeon Overview and Level Annotations

Branches:
Dungeon (13/15) Zot: 1216  Temple (1/1) D:6 Zot: 315 Ossuary (visited)
   Lair: D:8-11         Orc: D:9-12      Vaults: D:13-14

Altars:
Ashenzari
Cheibriados
Dithmenos
Elyvilon
Fedhas
Gozag
Hepliaklqana
Kikubaaqudgha
Makhleb
Nemelex Xobeh
Qazlal
Ru
Sif Muna
Trog
Uskayaw
Wu Jian
Xom
Yredelemnul
Zin
The Shining One

Shops:
D:4 :

Annotations:
D:5 Pikel


Innate Abilities, Weirdness & Mutations

You passively map the area around you.
You are easily found by Zot.
You glow in the dark.
You regain HP and MP as you explore.
Your flesh is cold resistant. (rC+)


Message History

You kill the centaur!
The centaur is severely wounded.
The centaur wields a +0 shortbow.
The centaur shoots an arrow.
The arrow misses you.
The centaur shoots an arrow.
The arrow hits you!
The centaur shoots an arrow.
The arrow hits you!
A centaur warrior comes into view.
A centaur comes into view.
The centaur shoots an arrow.
The arrow hits you!
The centaur shoots an arrow.
The arrow hits you. 2 centaurs come into view.
The centaur shouts! x2
The centaur wields a +0 shortbow.
The centaur shoots an arrow.
The arrow hits you.
The centaur wields a +0 shortbow.
The centaur shoots an arrow.
The arrow completely misses you.
The centaur shoots an arrow.
The arrow hits you!
Casting: Ozocubu's Refrigeration (dangerous; 4% risk of failure)
Confirm with . or Enter, or press ? or * to list all spells.
The heat is drained from your surroundings.
The centaur warrior is lightly wounded.
The centaur is almost dead.
The centaur is severely wounded.
You kill the centaur! x2
The centaur warrior wields a +0 longbow.
The centaur warrior shoots an arrow.
The arrow hits you!!
* * * LOW HITPOINT WARNING * * *
The centaur shoots an arrow.
The arrow hits you!
* * * LOW HITPOINT WARNING * * *
The centaur wields a +0 shortbow.
The centaur shoots an arrow.
The arrow hits you.
* * * LOW HITPOINT WARNING * * *
Blink to where?
Press: ? - help, Dir - move target
As you read the scroll of blinking, it crumbles to dust.
You feel better.
The centaur warrior shoots an arrow.
The arrow hits you!
* * * LOW HITPOINT WARNING * * *
The centaur warrior shoots an arrow.
The arrow barely misses you.
The centaur shoots an arrow.
The arrow closely misses you.
The centaur warrior shoots an arrow.
The arrow closely misses you.
The centaur shoots an arrow.
The arrow barely misses you.
The centaur warrior shoots an arrow.
The arrow hits you!
You die...

..........................,
,.............#######......,,,
,.(...........#### **..... ,
................. ...
#########..###### , , ,, #..#
,,. , ,, * ########..# *, ...,
, .......†..#######..... , , ,
..............@......., ,
*##########c########### , **
#########.########## , ,
.................... , , ,
.................... , ,,
.....######.........,* * ....
* #c........, ,,,...
#cc....... , .. , *
*#.........,


You could see a centaur warrior.

Vanquished Creatures
  A boulder beetle (D:12)
  A hydra (D:13)
  A centaur warrior (D:13)
  2 two-headed ogres
  An orc knight (D:13)
  2 ugly things
  A cyclops (D:12)
  2 unseen horrors (D:11)
  3 komodo dragons
  A kobold demonologist (D:11)
  A troll (D:12)
  A shadow (D:12)
  A wyvern (D:11)
  A steam dragon (D:7)
  4 vampire mosquitoes (D:12)
  Menkaure (D:5)
  2 wargs (D:13)
  2 orc warriors
  3 sky beasts (D:7)
  2 black bears
  9 centaurs
  An ogre (D:4)
  2 phantoms (D:5)
  2 kobold brigands (D:12)
  A bullfrog (D:7)
  A necrophage (D:6)
  A gnoll sergeant (D:6)
  11 scorpions
  6 killer bees (D:7)
  7 crimson imps (D:7)
  4 centaur zombies (Ossuary)
  6 hounds
  3 human zombies (Ossuary)
  A jelly (D:6)
  3 orc priests
  A gnoll bouda (D:7)
  6 iguanas
  10 orc wizards
  4 scorpion zombies (Ossuary)
  3 mummies (Ossuary)
  10 gnolls
  4 adders
  2 shadow imps
  2 white imps (D:7)
  4 ufetubi
  3 worms
  3 dart slugs (D:2)
  28 orcs
  8 endoplasms
  2 giant cockroaches (D:1)
  A gnoll zombie (Ossuary)
  5 hobgoblins
  2 jackals (D:4)
  5 kobolds
  2 quokkas
  6 ball pythons
  3 bats
  3 frilled lizards
  5 goblins
  3 goblin zombies (Ossuary)
  3 hobgoblin zombies (Ossuary)
  3 kobold zombies (Ossuary)
  3 orc zombies (Ossuary)
  A quokka zombie (D:5)
  7 rats
  A rat zombie (D:5)
234 creatures vanquished.

Vanquished Creatures (collateral kills)
  A kobold demonologist (D:12)
  A troll (D:12)
  A kobold (D:12)
3 creatures vanquished.

Grand Total: 237 creatures vanquished

Notes
Turn   | Place    | Note
-------+----------+-------------------------------------------
     0 | D:1      | hawla the Meteoran Ice Elementalist began the quest for the
                  | Orb.
     0 | D:1      | Reached XP level 1. HP: 14/14 MP: 5/5
    90 | D:1      | Reached XP level 2. HP: 20/20 MP: 1/6
   343 | D:1      | Reached XP level 3. HP: 16/26 MP: 3/8
   347 | D:1      | Learned a level 3 spell: Frozen Ramparts
   500 | D:1      | Glimpsed the power of Zot.
   550 | D:2      | Reached skill level 5 in Ice Magic
   558 | D:2      | Reached XP level 4. HP: 34/34 MP: 3/10
   628 | D:2      | Identified the +6 dagger of Recsi {venom, rF++ rC+ Str-5
                  | Int+3}
   884 | D:3      | Learned a level 4 spell: Hailstorm
   901 | D:3      | Found a broken altar of Ashenzari.
  1030 | D:3      | Found a shadowy altar of Dithmenos.
  1644 | D:4      | Reached XP level 5. HP: 33/39 MP: 4/11
  1665 | D:4      | Found a sparkling altar of Nemelex Xobeh.
  1703 | D:4      | Reached skill level 6 in Ice Magic
  1720 | D:4      | Reached skill level 1 in Conjurations
  1846 | D:4      | Found Hicaesm's Book Shop.
  1909 | D:4      | Reached XP level 6. HP: 37/46 MP: 12/12
  2015 | D:4      | Identified the +0 ring mail "Cingyeco" {-Cast +Blink Dex+8
                  | SInv}
  2059 | D:4      | Noticed an ogre
  2064 | D:4      | Killed an ogre
  2065 | D:4      | Reached skill level 7 in Ice Magic
  2181 | D:4      | Found a hide-covered altar of Uskayaw.
  2296 | D:4      | Glimpsed the power of Zot.
  2310 | D:5      | Entered Level 5 of the Dungeon
  2325 | D:5      | Reached XP level 7. HP: 25/51 MP: 6/13
  2443 | D:5      | Reached skill level 8 in Ice Magic
  2697 | D:5      | Reached XP level 8. HP: 39/58 MP: 15/15
  2697 | D:5      | Noticed Menkaure
  2699 | D:5      | Noticed Pikel
  2702 | D:5      | Killed Menkaure
  2775 | D:5      | Reached skill level 1 in Fighting
  2803 | D:5      | Found a sand-covered staircase.
  2811 | Ossuary  | Entered an ossuary
  2817 | Ossuary  | Learned a level 4 spell: Airstrike
  2834 | Ossuary  | Reached skill level 1 in Air Magic
  3153 | Ossuary  | Reached skill level 5 in Air Magic
  3153 | Ossuary  | Gained mutation: You passively map the area around you.
                  | [Meteoran growth]
  3153 | Ossuary  | Reached XP level 9. HP: 36/64 MP: 15/17
  3165 | Ossuary  | Reached skill level 1 in Short Blades
  3165 | Ossuary  | Reached skill level 9 in Ice Magic
  3315 | Ossuary  | Glimpsed the power of Zot.
  3324 | Ossuary  | Reached skill level 5 in Spellcasting
  3366 | Ossuary  | Glimpsed the power of Zot.
  3406 | Ossuary  | Glimpsed the power of Zot.
  3417 | Ossuary  | Touched by the power of Zot.
  3518 | Ossuary  | Glimpsed the power of Zot.
  3568 | Ossuary  | Glimpsed the power of Zot.
  3608 | D:5      | Learned a level 7 spell: Ozocubu's Refrigeration
  3617 | D:5      | Found a sacrificial altar of Ru.
  3662 | D:5      | Glimpsed the power of Zot.
  3734 | D:6      | Found a staircase to the Ecumenical Temple.
  3744 | D:6      | Reached skill level 10 in Ice Magic
  3782 | Temple   | Entered the Ecumenical Temple
  4219 | D:6      | Reached XP level 10. HP: 65/68 MP: 3/19
  4315 | D:6      | Found a snail-covered altar of Cheibriados.
  4396 | D:7      | Reached skill level 11 in Ice Magic
  4411 | D:7      | Found an ornate altar of the Wu Jian Council.
  4687 | D:7      | Reached skill level 12 in Ice Magic
  5031 | D:7      | Reached skill level 13 in Ice Magic
  5148 | D:7      | Glimpsed the power of Zot.
  5164 | D:8      | You fall into a shaft and drop 3 floors!
  5166 | D:11     | Identified a scroll of acquirement
  5169 | D:11     | Acquired 760 gold pieces
  5186 | D:11     | Noticed a two-headed ogre
  5191 | D:11     | Killed a two-headed ogre
  5194 | D:11     | Noticed a komodo dragon
  5199 | D:11     | Killed a komodo dragon
  5220 | D:11     | Killed an unseen horror
  5221 | D:11     | Reached skill level 14 in Ice Magic
  5221 | D:11     | Reached XP level 11. HP: 34/79 MP: 3/20
  5381 | D:11     | Found a blossoming altar of Fedhas.
  5497 | D:11     | Noticed a brown ugly thing
  5502 | D:11     | Killed a brown ugly thing
  5503 | D:11     | Reached skill level 15 in Ice Magic
  5747 | D:12     | Noticed a boulder beetle
  5761 | D:12     | Killed a boulder beetle
  5995 | D:12     | Gained mutation: You occasionally lose the ability to drink
                  | potions when taking damage. [potion of mutation]
  6009 | D:12     | Lost mutation: You occasionally lose the ability to drink
                  | potions when taking damage. [potion of mutation]
  6009 | D:12     | Gained mutation: Your flesh is cold resistant. (rC+)
                  | [potion of mutation]
  6081 | D:12     | Noticed a purple ugly thing
  6095 | D:12     | Killed a purple ugly thing
  6096 | D:12     | Reached skill level 16 in Ice Magic
  6136 | D:12     | Noticed a cyclops
  6153 | D:12     | Killed a cyclops
  6154 | D:12     | Reached XP level 12. HP: 21/88 MP: 11/24
  6251 | D:12     | Noticed a two-headed ogre
  6254 | D:12     | Killed a two-headed ogre
  6372 | D:13     | Noticed a centaur warrior
  6372 | D:13     | Noticed an orc knight
  6375 | D:13     | Killed a centaur warrior
  6375 | D:13     | Killed an orc knight
  6376 | D:13     | Reached skill level 5 in Dodging
  6402 | D:13     | Noticed an eight-headed hydra
  6408 | D:13     | Killed an eight-headed hydra
  6429 | D:13     | Noticed a centaur warrior
  6439 | D:13     | Shot with an arrow by a centaur warrior

Illustrated notes

Levels and vault maps discovered:
D:1:      heliophobic_arrival_glass_houses, layout_loops_ring,
          kennysheep_small_spiral
D:2:      layout_rooms
D:3:      layout_loops_ring, evilmike_ruin_ashenzari,
          nicolae_dithmenos_shadow_blocks, serial_bayou_lagoon_a,
          minmay_tree_intersection
D:4:      layout_basic, kennysheep_mini_moat, mainiacjoe_overflow_cross_hatched,
          serial_shops, shop
D:5:      layout_cave_pods, nicolae_ru_sacrificial_ziggurat, enter_ossuary_4,
          uniq_menkaure, uniq_pikel
D:6:      layout_rooms, slow_altar_1, temple_fountains
D:7:      layout_loops_ring, nzn_wu_jian_council_hall,
          minmay_misc_feat_four_crosses, minmay_nine_imps
D:8:      layout_basic, okawaru_metal_pillars_3, lair_entry_dummy,
          ebering_ghost_inner_flame
D:11:     layout_rooms, fedhas_altar_4
D:12:     layout_irregular_city, serial_glass, glass_columns_a, glass_columns_c,
          st_stairs_10
D:13:     layout_long_grid, ximxim_vaults_locker_room, serial_shops,
          nicolae_shop_trees, shop, kennysheep_generic_room_7, uniq_snorg
Temple:   oiseaux_autumnal_temple

Skill      XL: |  1  2  3  4  5  6  7  8  9 10 11 12 |
---------------+-------------------------------------+-----
Spellcasting   | 3 4 5 7 9 |  9.2
Ice Magic      | 5 6 7 8 10 14 16 | 16.8
Conjurations   | 1 2 3 4 |  4.4
Fighting       | 1 2 |  2.6
Air Magic      | 5 |  5.3
Short Blades   | 2 3 |  3.1
Dodging        | 4 5 |  5.1
Stealth        | |  1.4

Action                   |  1- 3 |  4- 6 |  7- 9 | 10-12 || total
-------------------------+-------+-------+-------+-------++-------
Melee: Unarmed           |     2 |       |       |       ||     2
       Dagger            |       |    44 |   194 |   139 ||   377
       Punch             |       |       |     1 |     1 ||     2
 Cast: Freeze            |    33 |     5 |     6 |     2 ||    46
       Frozen Ramparts   |     1 |     7 |    18 |    17 ||    43
       Hailstorm         |       |    12 |    37 |    25 ||    74
       Airstrike         |       |       |     1 |     2 ||     3
       Ozocubu's Refrige |       |       |       |    14 ||    14
  Use: Scroll            |     5 |     4 |     9 |    11 ||    29
       Potion            |       |       |     8 |     6 ||    14
 Stab: Petrifying        |       |       |       |     3 ||     3
Armor: Robe              |     6 |     3 |    40 |    41 ||    90
Dodge: Dodged            |    15 |    17 |   138 |   101 ||   271
